 Dungeon Crawl Stone Soup version 0.21.1-1-g345015fe64 (webtiles) character file.

31 Evaline the Gusty (level 3, 0/20 HPs)
             Began as a Tengu Air Elementalist on June 14, 2018.
             Slain by an adder (2 damage)
             ... on level 2 of the Dungeon.
             The game lasted 00:08:27 (1064 turns).

Evaline the Gusty (Tengu Air Elementalist)          Turns: 1064, Time: 00:08:28

Health: 0/20       AC:  2    Str:  8    XL:     3   Next: 22%
Magic:  1/7        EV: 13    Int: 16    God:
Gold:   7          SH:  0    Dex: 14    Spells: 3/6 levels left

rFire    . . .     SeeInvis .   a - +0 dagger (freeze)
rCold    . . .     Gourm    .   (no shield)
rNeg     . . .     Faith    .   k - +0 robe
rPois    .         Spirit   .   (helmet restricted)
rElec    .         Reflect  .   (no cloak)
rCorr    .         Harm     .   (no gloves)
MR       .....                  (boots unavailable)
Stlth    ++........             (no amulet)
HPRegen  0.06/turn              (no ring)
MPRegen  0.10/turn              (no ring)

@: lethally poisoned (0 -> -3), swift (expiring), very slightly contaminated,
quick
A: beak, talons 3
a: no special abilities


You were on level 2 of the Dungeon.
You were very hungry.

You visited 1 branch of the dungeon, and saw 2 of its levels.

You collected 7 gold pieces.

Inventory:

Hand Weapons
 a - a +0 dagger of freezing (weapon)
 b - a +0 whip
 i - a +0 hand axe
Missiles
 d - 47 stones (quivered)
 m - 16 arrows
Armour
 k - a +0 robe (worn)
 o - a +0 leather armour
Scrolls
 e - 2 scrolls of immolation {unknown}
 g - a scroll of magic mapping {unknown}
 j - a scroll of amnesia {unknown}
 l - a scroll of enchant armour {unknown}
 p - a scroll of remove curse {unknown}
Potions
 h - 2 potions of brilliance {unknown}
 n - a potion of degeneration {unknown}
Books
 f - a book of Air

   Spells                             Type                      Level
   a - Shock                          Conjuration/Air              1
   b - Swiftness                      Charms/Air                   2
   c - Static Discharge               Conjuration/Air              3
   d - Airstrike                      Air                          4
   e - Lightning Bolt                 Conjuration/Air              5
Comestibles
 c - 3 rations


   Skills:
 * Level 0.9 Fighting
 * Level 2.4 Dodging
 * Level 2.1 Stealth
 + Level 2.4 Spellcasting
 - Level 2.0 Conjurations
 + Level 4.3 Air Magic


You had 3 spell levels left.
You knew the following spells:

 Your Spells              Type           Power        Failure   Level  Hunger
a - Shock                 Conj/Air       ##..         5%          1    #......
b - Swiftness             Chrm/Air       #.......     12%         2    ###....


Dungeon Overview and Level Annotations

Branches:
Dungeon (2/15)

Altars:


Innate Abilities, Weirdness & Mutations

You have a beak for a mouth.
You have claws for feet.


Message History

The bat closely misses you. The adder closely misses you.
A kobold comes into view.
The kobold shouts!
The goblin moves out of view.
Found a rapier.
You feel sick. The bat barely misses you.
A bat comes into view.
The hobgoblin shouts!
The bat moves out of view.
The bat barely misses you. The adder bites you.
* * * LOW HITPOINT WARNING * * *
The bat barely misses you.
You are feeling very hungry.
The bat completely misses you. The bat barely misses you.
You start to feel a little slower.
* * * LOW HITPOINT WARNING * * *
You feel sick. The bat barely misses you. The adder barely misses you. x2
The bat hits you but does no damage. The adder closely misses you.
The bat closely misses you. The adder bites you.
You die...

...........#
#..........#
#..........#
#....(.....#
#..........# #
##..........# ##.
##.....<.....# ...g
#######..#####.#####
.....#.g.g.S@## .#
.).......K...# .#
....b........# .#
..r......b..## w#
............# .#
############# .#


You could see an adder, a hobgoblin, a goblin, a bat and a kobold.

Vanquished Creatures
  An ooze (D:1)
  A dart slug (D:1)
  A ball python (D:1)
  3 bats (D:1)
  2 giant cockroaches (D:1)
  3 goblins (D:1)
  4 jackals (D:1)
  4 kobolds (D:1)
  2 frilled lizards (D:1)
  A rat (D:1)
22 creatures vanquished.

Notes
Turn   | Place    | Note
-------+----------+-------------------------------------------
     0 | D:1      | Evaline the Tengu Air Elementalist began the quest for the Orb.
     0 | D:1      | Reached XP level 1. HP: 10/10 MP: 4/4
   157 | D:1      | Reached XP level 2. HP: 12/16 MP: 4/6
   383 | D:1      | Learned a level 2 spell: Swiftness
   395 | D:1      | Reached XP level 3. HP: 20/20 MP: 0/7
  1064 | D:2      | Slain by an adder

Skill      XL: |  1  2 |
---------------+-------+-----
Conjurations   | 2 |  2.0
Fighting       | |  0.9
Dodging        | |  2.4
Stealth        | |  2.1
Spellcasting   | |  2.4
Air Magic      | |  4.3

Action                   || total
-------------------------++-------
Melee: Unarmed           ||     3
       Whip              ||     8
       Kick              ||     2
       Peck              ||     1
       Dagger            ||     5
 Cast: Shock             ||    44
       Swiftness         ||     1
 Stab: Sleeping          ||     2
Armor: Robe              ||    14
Dodge: Dodged            ||    53
